 Dungeon Crawl Stone Soup version 0.29.1-2-gbd0b4ee654 (webtiles) character file.

Game seed: 6840231168880277473

5 rottenturd the Chopper (level 1, -4/20 HPs)
             Began as a Hill Orc Berserker on Nov 19, 2022.
             Was a Follower of Trog.
             Succumbed to their own poison gas
             ... on level 1 of the Dungeon.
             The game lasted 00:08:47 (241 turns).

rottenturd the Chopper (Hill Orc Berserker)          Turns: 241, Time: 00:08:48

Health: -4/20      AC:  2    Str: 19    XL:     1   Next: 80%
Magic:  1/1        EV: 12    Int:  7    God:    Trog [*.....]
Gold:   53         SH:  0    Dex: 10    Spells: 0/0 levels left

rFire   . . .      SeeInvis .   a - +0 hand axe
rCold   . . .      Faith    .   (no shield)
rNeg    . . .      Spirit   .   b - +0 animal skin
rPois   .          Reflect  .   (no helmet)
rElec   .          Harm     .   (no cloak)
rCorr   .          Rampage  .   (no gloves)
Will    .....                   (no boots)
Stlth   +.........              (no amulet)
HPRegen 0.06/turn               (no ring)
MPRegen 0.07/turn               (no ring)

@: lethally poisoned (-4 -> -47)
A: no striking features
a: Renounce Religion, Berserk


You were on level 1 of the Dungeon.
You worshipped Trog.
Trog was aware of your devotion.
You visited 1 branch of the dungeon, and saw 1 of its levels.

You collected 53 gold pieces.

Inventory:

Hand Weapons
 a - a +0 hand axe (weapon)
 l - a +0 spear
Missiles
 d - 4 stones (quivered)
 g - 2 poisoned darts
Armour
 b - a +0 animal skin (worn)
 j - a +0 ring mail
Scrolls
 e - a scroll of identify
 i - a scroll of immolation {unknown}
Potions
 k - a potion of attraction


   Skills:
 + Level 3.8 Fighting
 + Level 4.2 Axes
 + Level 2.2 Armour
 + Level 1.6 Dodging


You couldn't memorise any spells.
You didn't know any spells.
Your spell library was empty.

Dungeon Overview and Level Annotations

Branches:
Dungeon (1/15)

Altars:


Message History

It was a scroll of blinking.
As you read the scroll labelled RICIAWN XUOL, it crumbles to dust.
It is a scroll of identify.
k - a potion of attraction
As you read the scroll labelled VUCIYH KY JYUT, it crumbles to dust.
It is a scroll of amnesia.
You feel forgetful for a moment.
You drop 3 scrolls of amnesia.
The air fills with toxic fumes!
As you read the scroll labelled YCYCVUVASO, it crumbles to dust.
It was a scroll of poison.
Okay, then.
Unknown command.
Unknown command.
Press: ? - help, v - describe, . - travel, g - get item Item here: 3 scrolls of amnesia.
The floor.
You don't know any spells.
Okay, then.
Throw: 4 stones
Press: ? - help, Q - select action, (/) - cycle Shift-Dir - straight line You can't see that place. [the floor.]
Okay, then.
Sorry, I don't know how to get there.
Sorry, I don't know how to get there.
Really walk into that cloud of poison gas? [Y]es or [N]o only, please.
Really walk into that cloud of poison gas?
Uppercase [Y]es or [N]o only, please.
Really walk into that cloud of poison gas?
You are engulfed in poison gas.
You are poisoned.
You feel very sick.
You are engulfed in poison gas.
You are lethally poisoned!
* * * LOW HITPOINT WARNING * * *
You feel very sick.
You are engulfed in poison gas.
You are more poisoned.
You die...

#.........######...<...#
................#.....#....
........§§....##.#...#.##..
##.......§..##..#.#.#.#..
.##.....§.§#...#.#.#.#.#...
..##....§...§.#..#.#. ..#..
#..######§§.§#§.#..#.. .. .
##..# ##§§#§§.#.§#.. ...
##..# ##§§§§§#@§§#
##..#####§§§§?§§§§§#
##..##..§§§§§§§§§§§§§..
##.....##§§§§§§§§§§§§...
##...####§§§§§§§§§§§...
##..# ##§§§#§§§§#§... ####
#####§§§###### .§§## ####


There were no monsters in sight!

Vanquished Creatures
  A giant cockroach (D:1)
  2 goblins (D:1)
  A ball python (D:1)
  A rat (D:1)
5 creatures vanquished.

Notes
Turn   | Place    | Note
-------+----------+-------------------------------------------
     0 | D:1      | rottenturd the Hill Orc Berserker began the quest for the
                  | Orb.
     0 | D:1      | Reached XP level 1. HP: 19/19 MP: 1/1
   241 | D:1      | Succumbed to their own poison gas

Illustrated notes

Levels and vault maps discovered:
D:1:      minmay_arrival_radiant_lines, layout_rooms,
          hellmonk_ecumenical_altar_leap_of_faith, serial_park_tiny_pond,
          hangedman_glass_teeth, minmay_misc_feat_alley,
          amcnicky_mini_corridor_feature

Action                   || total
-------------------------++-------
Melee: Hand axe          ||    15
  Use: Scroll            ||     4
Armor: Animal skin       ||     3
Dodge: Dodged            ||     6
